[Event "ICC tourney 2356 (30 5)"]
[Site "Internet Chess Club"]
[Date "2021.01.30"]
[Round "5"]
[White "SpaceBorg"]
[Black "SAHYEric"]
[Result "1-0"]
[ICCResult "Black checkmated"]
[WhiteElo "800"]
[BlackElo "1031"]
[Opening "Queen's pawn game"]
[ECO "A45"]
[NIC "QP.07"]
[Time "18:01:30"]
[PlyCount "153"]
[TimeControl "1800+5"]

1. d4 Nf6 2. Nc3 g6 3. Bf4 Bg7 4. Nf3 O-O 5. e3 d6 6. Bc4 b6 7. O-O Bb7 8.
Re1 c5 9. dxc5 bxc5 10. Nd5 Nxd5 11. Bxd5 Nc6 12. c3 e6 13. Bb3 d5 14. Bc2
d4 15. exd4 cxd4 16. cxd4 Qc8 17. Be4 Ne7 18. Bxb7 Qxb7 19. Rb1 Rad8 20.
Be5 f6 21. Bg3 Nf5 22. Rxe6 Nxg3 23. hxg3 Qd5 24. Qb3 Qf5 25. Re5+ Kh8 26.
Rxf5 gxf5 27. Rd1 Rb8 28. Qc2 Rfc8 29. Qxf5 Rd8 30. b3 a6 31. Qe4 a5 32.
Re1 Rd7 33. Qe8+ Rxe8 34. Rxe8+ Bf8 35. Rxf8+ Kg7 36. Ra8 Rd5 37. Kf1 Kg6
38. Ke2 Kf5 39. Ke3 h5 40. Nh4+ Ke6 41. Re8+ Kd6 42. Rd8+ Kc6 43. Rxd5 Kxd5
44. Kd3 Kc6 45. a3 Kb5 46. Nf3 Kc6 47. Kc4 f5 48. Ne5+ Kb6 49. f3 Kc7 50.
Kb5 Kd6 51. Kxa5 Kd5 52. Nf7 Kxd4 53. Nh6 Ke3 54. Nxf5+ Kf2 55. Ng7 Kxg2
56. Nxh5 Kxf3 57. b4 Kg4 58. b5 Kxh5 59. b6 Kg4 60. b7 Kxg3 61. b8=Q+ Kf3
62. Qc7 Ke3 63. Kb5 Ke2 64. a4 Kf2 65. a5 Ke3 66. a6 Kd3 67. a7 Ke4 68.
a8=R Kd4 69. Rd8+ Ke4 70. Qe7+ Kf5 71. Rf8+ Kg6 72. Rf6+ Kg5 73. Qe5+ Kg4
74. Rf4+ Kg3 75. Qe3+ Kh2 76. Rf2+ Kg1 77. Qe1# { Black checkmated } 1-0

[Event "ICC tourney 2356 (30 5)"]
[Site "Internet Chess Club"]
[Date "2021.01.30"]
[Round "5"]
[White "LionsDavidS"]
[Black "alexandermps77"]
[Result "1-0"]
[ICCResult "Black checkmated"]
[WhiteElo "1304"]
[BlackElo "1120"]
[Opening "QGD Slav defense"]
[ECO "D43"]
[NIC "SL.01"]
[Time "18:00:55"]
[PlyCount "49"]
[TimeControl "1800+5"]

1. d4 d5 2. c4 c6 3. Nc3 Nf6 4. Bg5 e6 5. Nf3 Bb4 6. e3 Nbd7 7. a3 Bxc3+ 8.
bxc3 Qa5 9. Qc2 Ne4 10. Rc1 Qxa3 11. Bd3 Nxg5 12. Nxg5 Nf6 13. O-O dxc4 14.
Bxc4 O-O 15. Bd3 g6 16. f4 Ng4 17. Rf3 e5 18. Rg3 exf4 19. exf4 Bf5 20.
Bxf5 gxf5 21. Re1 Qd6 22. Qxf5 Nf6 23. Ne4+ Kh8 24. Nxd6 Rad8 25. Qxf6# {
Black checkmated } 1-0

[Event "ICC tourney 2356 (30 5)"]
[Site "Internet Chess Club"]
[Date "2021.01.30"]
[Round "5"]
[White "Oliver1004"]
[Black "ItamarR"]
[Result "1-0"]
[ICCResult "Black checkmated"]
[WhiteElo "565"]
[BlackElo "1016"]
[Opening "French: advance, Paulsen attack"]
[ECO "C02"]
[NIC "FR.03"]
[Time "18:01:50"]
[PlyCount "125"]
[TimeControl "1800+5"]

1. e4 e6 2. d4 d5 3. e5 c5 4. c3 Nc6 5. Nf3 Qb6 6. Be3 Qxb2 7. Nbd2 Qxc3 8.
dxc5 Bxc5 9. Rc1 Qa5 10. Bxc5 Qxa2 11. Bd6 f6 12. Bb5 Bd7 13. Bxc6 Bxc6 14.
Nd4 Bd7 15. Qh5+ g6 16. Qh3 f5 17. N2f3 Ne7 18. Ng5 Qb2 19. Rd1 h6 20. O-O
O-O-O 21. Bxe7 hxg5 22. Qe3 f4 23. Qc1+ Qxc1 24. Rxc1+ Kb8 25. Bxd8 Rxd8
26. Nf3 g4 27. Ng5 Rf8 28. Rc5 Rf5 29. Nh7 Rxe5 30. Rfc1 g5 31. Nf6 Bc6 32.
Rb1 a6 33. Rxc6 Ka8 34. Rc8+ Ka7 35. g3 f3 36. Kf1 Re2 37. Re1 Rxe1+ 38.
Kxe1 e5 39. Nxg4 e4 40. Kd2 Kb6 41. Ke3 a5 42. Kd4 a4 43. Rc1 Kb5 44. Kc3
Ka5 45. Ra1 b5 46. Ne3 b4+ 47. Kb2 a3+ 48. Kb3 d4 49. Nc2 e3 50. fxe3 dxe3
51. Nxe3 f2 52. Rf1 a2 53. Kxa2 Ka4 54. Rxf2 b3+ 55. Kb2 Kb4 56. Rf5 Ka4
57. Rxg5 Kb4 58. h4 Ka4 59. h5 Kb4 60. h6 Ka4 61. h7 Kb4 62. h8=Q Ka4 63.
Qh4# { Black checkmated } 1-0

[Event "ICC tourney 2356 (30 5)"]
[Site "Internet Chess Club"]
[Date "2021.01.30"]
[Round "5"]
[White "Leo2010Spurs"]
[Black "augustgps230"]
[Result "0-1"]
[ICCResult "White checkmated"]
[WhiteElo "868"]
[BlackElo "1183"]
[Opening "Queen's pawn game"]
[ECO "D04"]
[NIC "QP.08"]
[Time "18:01:32"]
[PlyCount "142"]
[TimeControl "1800+5"]

1. d4 d5 2. Nf3 Nf6 3. e3 Bf5 4. Bd3 Bxd3 5. Qxd3 e6 6. O-O c5 7. c3 Nc6 8.
Nbd2 Bd6 9. dxc5 Bxc5 10. b4 Bb6 11. Bb2 O-O 12. a3 Rc8 13. c4 dxc4 14.
Qxc4 Ne5 15. Qh4 Nxf3+ 16. Nxf3 Rc2 17. Bxf6 Qxf6 18. Qxf6 gxf6 19. Rac1
Ra2 20. Ra1 Rc2 21. Nd4 Bxd4 22. exd4 Rd2 23. Rad1 Rc2 24. Rd3 Rfc8 25. d5
R8c3 26. Rxc3 Rxc3 27. d6 Rd3 28. Rc1 Rxd6 29. h3 Rd7 30. Rc8+ Kg7 31. a4
Rd4 32. Ra8 Rxb4 33. Rxa7 b5 34. a5 Ra4 35. a6 b4 36. Ra8 Kh6 37. a7 b3 38.
Rb8 Rxa7 39. Rxb3 Ra1+ 40. Kh2 Ra5 41. Kg3 Kg5 42. Rb4 Ra3+ 43. Kh2 f5 44.
h4+ Kh5 45. f3 e5 46. Kh3 Re3 47. g4+ fxg4+ 48. Rxg4 Rxf3+ 49. Rg3 Rxg3+
50. Kxg3 f5 51. Kh3 f4 52. Kg2 Kg4 53. Kh2 Kxh4 54. Kg2 Kg4 55. Kh1 Kg3 56.
Kg1 f3 57. Kh1 e4 58. Kg1 e3 59. Kf1 e2+ 60. Ke1 f2+ 61. Kxe2 Kg2 62. Kd2
f1=Q 63. Kc2 Qa1 64. Kb3 Qd4 65. Ka2 Kf3 66. Kb1 Ke3 67. Kc1 Ke2 68. Kb1
Qd2 69. Ka1 Kd3 70. Kb1 Kc3 71. Ka1 Qb2# { White checkmated } 0-1

[Event "ICC tourney 2356 (30 5)"]
[Site "Internet Chess Club"]
[Date "2021.01.30"]
[Round "5"]
[White "YoungHytham"]
[Black "Pawnmanicc"]
[Result "0-1"]
[ICCResult "White checkmated"]
[WhiteElo "644"]
[BlackElo "1281"]
[Opening "Queen's pawn game"]
[ECO "E60"]
[NIC "QP.07"]
[Time "18:01:27"]
[PlyCount "88"]
[TimeControl "1800+5"]

1. d4 Nf6 2. e3 g6 3. c4 Bg7 4. Nc3 d6 5. Nf3 O-O 6. Bd3 Re8 7. O-O Nbd7 8.
Bd2 b6 9. Re1 e5 10. d5 e4 11. Be2 exf3 12. Bxf3 Nc5 13. b4 Nd3 14. Re2
Nxb4 15. Re1 Bb7 16. Ne2 Na6 17. Ng3 Nc5 18. Bc3 Nfe4 19. Bxg7 Kxg7 20.
Qd4+ Nf6 21. Rad1 Kg8 22. Ne2 Qe7 23. Nc3 Qe5 24. Qxe5 Rxe5 25. Nb5 Ne8 26.
Bg4 f5 27. f4 Re7 28. Bf3 a6 29. Nc3 Nf6 30. Kf2 Nce4+ 31. Nxe4 Nxe4+ 32.
Bxe4 Rxe4 33. Rc1 a5 34. Kf3 Ba6 35. g4 Rxc4 36. Rcd1 fxg4+ 37. Kxg4 Kg7
38. Rg1 Rf8 39. h4 h5+ 40. Kf3 Rc5 41. e4 Rc3+ 42. Kg2 Rxf4 43. Rge1 Rg4+
44. Kh1 Rh3# { White checkmated } 0-1

[Event "ICC tourney 2356 (30 5)"]
[Site "Internet Chess Club"]
[Date "2021.01.30"]
[Round "5"]
[White "fluffyfloofers"]
[Black "passedpawn2010"]
[Result "1-0"]
[ICCResult "Black checkmated"]
[WhiteElo "1157"]
[BlackElo "1000"]
[Opening "King's pawn game"]
[ECO "C50"]
[NIC "IG.03"]
[Time "18:01:50"]
[PlyCount "57"]
[TimeControl "1800+5"]

1. e4 e5 2. Nf3 Nc6 3. Bc4 h6 4. O-O Nf6 5. d3 Bc5 6. c3 d6 7. Nbd2 Bg4 8.
Re1 O-O 9. Bb3 Re8 10. Nf1 Qd7 11. Ng3 Ne7 12. h3 Bxh3 13. gxh3 Qxh3 14.
Qe2 Qg4 15. Nh2 Qg5 16. Bxg5 hxg5 17. Ng4 Nxg4 18. Qxg4 Ng6 19. Nf5 Rad8
20. Rad1 c6 21. Qxg5 d5 22. exd5 cxd5 23. d4 exd4 24. cxd4 Bb4 25. Rxe8+
Rxe8 26. Bxd5 b6 27. Qxg6 Re1+ 28. Rxe1 Bxe1 29. Qxg7# { Black checkmated }
1-0

[Event "ICC tourney 2356 (30 5)"]
[Site "Internet Chess Club"]
[Date "2021.01.30"]
[Round "5"]
[White "tisernhagen1"]
[Black "Gaku398973"]
[Result "1/2-1/2"]
[ICCResult "Black stalemated"]
[WhiteElo "1193"]
[BlackElo "1310"]
[Opening "Philidor: exchange variation"]
[ECO "C41"]
[NIC "KP.08"]
[Time "18:01:50"]
[PlyCount "111"]
[TimeControl "1800+5"]

1. e4 e5 2. Nf3 d6 3. d4 exd4 4. Nxd4 Nf6 5. Nc3 Be7 6. Bc4 Bg4 7. Nf3 Nc6
8. h3 Bxf3 9. Qxf3 Nd4 10. Qd3 Nc6 11. O-O O-O 12. Be3 Ne5 13. Qe2 Nxc4 14.
Qxc4 Qd7 15. Nd5 Nxd5 16. exd5 Bf6 17. c3 Be5 18. Qb3 f5 19. f4 Bf6 20.
Rae1 b6 21. Kh1 Bh4 22. Bf2 Bxf2 23. Rxf2 Rfe8 24. Rfe2 Rxe2 25. Rxe2 Re8
26. Rxe8+ Qxe8 27. Qc2 Qe4 28. Qxe4 fxe4 29. Kg1 Kf7 30. Kf2 Kf6 31. Ke3
Kf5 32. g4+ Kf6 33. Kxe4 g5 34. f5 a5 35. Kd4 h6 36. c4 Ke7 37. Kc3 Kf6 38.
Kd4 Ke7 39. b3 Kf6 40. a3 Ke7 41. b4 a4 42. c5 bxc5+ 43. bxc5 dxc5+ 44.
Kxc5 Kd7 45. f6 Ke8 46. Kc6 Kf7 47. Kxc7 Kxf6 48. d6 Ke5 49. d7 Kf4 50.
d8=Q Kg3 51. Qd3+ Kh4 52. Kd6 h5 53. gxh5 Kxh5 54. Ke5 g4 55. Kf5 Kh4 56.
hxg4 { Black stalemated } 1/2-1/2

[Event "ICC tourney 2356 (30 5)"]
[Site "Internet Chess Club"]
[Date "2021.01.30"]
[Round "5"]
[White "RohanL"]
[Black "SPBrain"]
[Result "0-1"]
[ICCResult "White checkmated"]
[WhiteElo "1120"]
[BlackElo "1342"]
[Opening "Vienna gambit"]
[ECO "C29"]
[NIC "VG.04"]
[Time "18:01:11"]
[PlyCount "78"]
[TimeControl "1800+5"]

1. e4 e5 2. Nc3 Nf6 3. f4 exf4 4. e5 Ng8 5. Nf3 Nc6 6. d4 Bb4 7. Bxf4 d5 8.
Bb5 Ne7 9. O-O h6 10. Re1 O-O 11. Qd2 a6 12. Bxc6 Nxc6 13. a3 Ba5 14. Bxh6
Bg4 15. Bg5 Qd7 16. Bf6 Bxf3 17. Qg5 Qg4 18. Qxg4 Bxg4 19. Bg5 Nxd4 20. Re3
Nxc2 21. Rg3 Nxa1 22. Rxg4 Bb6+ 23. Kh1 c6 24. Bf6 Rfd8 25. Rxg7+ Kf8 26.
Rh7 Ke8 27. Na4 Ba7 28. Bxd8 Rxd8 29. Rh8+ Ke7 30. Rh3 d4 31. Rh6 d3 32.
Nc3 d2 33. Nd1 Nc2 34. Rf6 Ne3 35. Rd6 Rxd6 36. exd6+ Kxd6 37. Kg1 Nxd1+
38. Kf1 Nxb2 39. Ke2 d1=Q# { White checkmated } 0-1

[Event "ICC tourney 2356 (30 5)"]
[Site "Internet Chess Club"]
[Date "2021.01.30"]
[Round "5"]
[White "calebru"]
[Black "AndychessSohn"]
[Result "0-1"]
[ICCResult "White resigns"]
[WhiteElo "774"]
[BlackElo "1105"]
[Opening "Sicilian: Scheveningen (Paulsen), classical variation"]
[ECO "B84"]
[NIC "SI.23"]
[Time "18:01:03"]
[PlyCount "158"]
[TimeControl "1800+5"]

1. e4 c5 2. Nf3 d6 3. d4 cxd4 4. Nxd4 Nf6 5. Nc3 a6 6. Be2 e6 7. O-O Be7 8.
Bg5 O-O 9. Re1 b6 10. Qd3 Bb7 11. Qg3 Nxe4 12. Bxe7 Nxg3 13. Bxd8 Nxe2+ 14.
Rxe2 Rxd8 15. Rae1 Nc6 16. Nxc6 Bxc6 17. Rd2 d5 18. Red1 h6 19. Ne4 Rd7 20.
Ng3 Rc7 21. b3 a5 22. a4 b5 23. axb5 Bxb5 24. Ra1 Rca7 25. Rdd1 Rc7 26.
Rdc1 Rca7 27. c4 dxc4 28. bxc4 Bc6 29. c5 a4 30. Ne2 Rb7 31. Nd4 Rc7 32.
Nxc6 Rxc6 33. Rc4 a3 34. Ra2 Ra5 35. h3 Raxc5 36. Rxc5 Rxc5 37. Rxa3 Kh7
38. Rf3 Kg6 39. Kh2 f5 40. Re3 Kf6 41. f4 Rc4 42. Kg3 g6 43. h4 h5 44. Kf3
Rc2 45. Kg3 Ra2 46. Kf3 Ra4 47. Kg3 Re4 48. Kf3 Rxe3+ 49. Kxe3 e5 50. fxe5+
Kxe5 51. Kf3 f4 52. g3 fxg3 53. Kxg3 Kf5 54. Kf3 Ke5 55. Kg3 Ke4 56. Kh3
Kf3 57. Kh2 Kg4 58. Kg2 Kxh4 59. Kh2 g5 60. Kg2 Kg4 61. Kh2 h4 62. Kh1 Kh3
63. Kg1 g4 64. Kh1 g3 65. Kg1 Kg4 66. Kh1 h3 67. Kg1 Kf3 68. Kh1 g2+ 69.
Kg1 h2+ 70. Kxh2 Kf2 71. Kh3 g1=Q 72. Kh4 Qg2 73. Kh5 Qg3 74. Kh6 Qg4 75.
Kh7 Qg5 76. Kh8 Kf3 77. Kh7 Kf4 78. Kh8 Kf5 79. Kh7 Kf6 { White resigns }
0-1

[Event "ICC tourney 2356 (30 5)"]
[Site "Internet Chess Club"]
[Date "2021.01.30"]
[Round "5"]
[White "Skullcrusher"]
[Black "SALucas"]
[Result "0-1"]
[ICCResult "White resigns"]
[WhiteElo "1156"]
[BlackElo "1286"]
[Opening "Sicilian defense"]
[ECO "B32"]
[NIC "SI.32"]
[Time "18:01:50"]
[PlyCount "62"]
[TimeControl "1800+5"]

1. e4 c5 2. Nf3 Nc6 3. d4 cxd4 4. Nxd4 d6 5. Bb5 Bd7 6. Nc3 a6 7. Bxc6 Bxc6
8. Be3 Nf6 9. Nxc6 bxc6 10. O-O e5 11. Qd2 Be7 12. Rad1 O-O 13. Bg5 Qb6 14.
Na4 Qb5 15. b3 Nxe4 16. Qe3 Nxg5 17. f4 Ne6 18. f5 Nd4 19. c4 Qb7 20. Kh1
Rfe8 21. Qg3 Bf6 22. Qh3 e4 23. Rf4 e3 24. Nc3 e2 25. Re1 Nc2 26. Rxe2 Bxc3
27. Rfe4 Rxe4 28. Rxe4 c5 29. Re2 Nd4 30. Re3 Bd2 31. Rd3 Re8 { White
resigns } 0-1

[Event "ICC tourney 2356 (30 5)"]
[Site "Internet Chess Club"]
[Date "2021.01.30"]
[Round "5"]
[White "kgtkgt2010"]
[Black "felix2021"]
[Result "1-0"]
[ICCResult "Black checkmated"]
[WhiteElo "1295"]
[BlackElo "978"]
[Opening "Petrov's defense"]
[ECO "C42"]
[NIC "RG.03"]
[Time "18:01:26"]
[PlyCount "165"]
[TimeControl "1800+5"]

1. e4 e5 2. Nf3 Nf6 3. Nxe5 d6 4. Nf3 Nxe4 5. Bc4 d5 6. Qe2 Be6 7. Bb3 Nc6
8. d3 Nf6 9. O-O Bd6 10. Bg5 O-O 11. Nc3 Re8 12. Qd2 d4 13. Ne4 Bxb3 14.
axb3 Nxe4 15. dxe4 f6 16. Bf4 Rxe4 17. Bxd6 Qxd6 18. Qd3 Rae8 19. Qc4+ Kh8
20. Rad1 Ne5 21. Qa4 Nxf3+ 22. gxf3 R4e5 23. Rxd4 Qe6 24. Rg4 Re1 25. Qb4
Rxf1+ 26. Kxf1 Qe2+ 27. Kg1 Qxf3 28. Rg3 Qd1+ 29. Kg2 Qd5+ 30. Kg1 c5 31.
Qc3 Qd1+ 32. Kg2 Re1 33. Qxc5 Rg1+ 34. Kh3 Rxg3+ 35. Kxg3 Qg1+ 36. Kh3 h6
37. Qxa7 h5 38. Qb8+ Kh7 39. Qg3 Qf1+ 40. Kh4 Qe2 41. Qd3+ Qxd3 42. cxd3
Kh6 43. d4 g5+ 44. Kg3 Kg6 45. Kf3 Kf5 46. Ke3 g4 47. f3 h4 48. fxg4+ Kxg4
49. Ke4 Kh3 50. d5 Kxh2 51. d6 h3 52. d7 Kg1 53. d8=Q h2 54. Qd1+ Kg2 55.
Qf3+ Kg1 56. Kf5 h1=Q 57. Qxh1+ Kxh1 58. Kxf6 Kg2 59. Ke6 Kf3 60. Kd6 Ke4
61. b4 Kd4 62. b5 Kc4 63. b6 Kb5 64. Kc7 Ka6 65. b3 Kb5 66. Kxb7 Kb4 67.
Ka7 Kxb3 68. b7 Kc4 69. b8=Q Kc5 70. Qd8 Kc4 71. Qd7 Kc5 72. Ka6 Kc4 73.
Qf5 Kd4 74. Kb6 Ke3 75. Qg4 Kf2 76. Qe4 Kg3 77. Qf5 Kh2 78. Qg4 Kh1 79. Kc5
Kh2 80. Kd4 Kh1 81. Ke3 Kh2 82. Kf2 Kh1 83. Qg1# { Black checkmated } 1-0

[Event "ICC tourney 2356 (30 5)"]
[Site "Internet Chess Club"]
[Date "2021.01.30"]
[Round "5"]
[White "SAWBStevie"]
[Black "Leor2011"]
[Result "0-1"]
[ICCResult "White resigns"]
[WhiteElo "908"]
[BlackElo "785"]
[Opening "French defense"]
[ECO "C00"]
[NIC "FR.01"]
[Time "18:25:08"]
[PlyCount "118"]
[TimeControl "1800+5"]

1. e4 e6 2. Nc3 d5 3. exd5 exd5 4. Nf3 Nf6 5. d4 Be7 6. Bd3 O-O 7. Bd2 Re8
8. O-O c5 9. dxc5 Bxc5 10. Bg5 Rf8 11. Bxf6 Qxf6 12. Nxd5 Qe6 13. Nc7 Qd6
14. Nxa8 Bg4 15. b4 Bxb4 16. c3 Bxf3 17. gxf3 Bc5 18. Re1 Qf6 19. Nc7 Bxf2+
20. Kxf2 Qb6+ 21. Kf1 Qxc7 22. Qc2 g6 23. Re2 Qd7 24. Rd1 Qh3+ 25. Kg1 Qxf3
26. Bc4 Qg4+ 27. Rg2 Qxc4 28. Re1 Qc5+ 29. Kh1 Qc6 30. Re3 Qb6 31. Rh3 Qb5
32. Qd1 Nc6 33. a4 Qb6 34. Qh5 Qb1+ 35. Rg1 Qxg1+ 36. Kxg1 gxh5 37. Rxh5
Kg7 38. Rh3 Rg8 39. Rg3+ Kf8 40. Rxg8+ Kxg8 41. Kf2 Kf8 42. Ke3 Ke7 43. Ke4
Ke6 44. c4 Ne5 45. Kd4 Nf3+ 46. Ke4 Nxh2 47. c5 f5+ 48. Kd4 f4 49. Ke4 f3
50. Ke3 Kd5 51. Kf2 Kxc5 52. Kg3 Kb4 53. Kxh2 Kxa4 54. Kg3 b5 55. Kxf3 b4
56. Ke2 Ka3 57. Kd2 Kb2 58. Kd3 b3 59. Kc4 Kc2 { White resigns } 0-1

[Event "ICC tourney 2356 (30 5)"]
[Site "Internet Chess Club"]
[Date "2021.01.30"]
[Round "5"]
[White "AdrianJSPS33"]
[Black "SASofia"]
[Result "1-0"]
[ICCResult "Black checkmated"]
[WhiteElo "925"]
[BlackElo "1302"]
[Opening "Giuoco Pianissimo: Italian four knights variation"]
[ECO "C50"]
[NIC "IG.02"]
[Time "18:00:57"]
[PlyCount "95"]
[TimeControl "1800+5"]

1. e4 e5 2. Nf3 Nc6 3. Bc4 Bc5 4. Nc3 Nf6 5. d3 h6 6. Be3 Bb6 7. Qd2 Ng4 8.
Nd5 Ba5 9. c3 O-O 10. h3 Nxe3 11. Qxe3 Ne7 12. b4 Nxd5 13. Bxd5 Bb6 14. d4
exd4 15. cxd4 c6 16. Bc4 d5 17. exd5 Re8 18. Ne5 Qf6 19. O-O cxd5 20. Bxd5
Qf5 21. Rfe1 Bd7 22. Qf3 Qxf3 23. Bxf3 Rxe5 24. dxe5 Bd4 25. Rad1 Bb6 26.
Rxd7 Re8 27. Bd5 Kh8 28. Bxf7 Rf8 29. e6 Bd8 30. Rxd8 Rxd8 31. e7 Ra8 32.
e8=Q+ Rxe8 33. Rxe8+ Kh7 34. Re7 g6 35. Rxb7 Kg7 36. Rxa7 Kf6 37. g3 g5 38.
h4 gxh4 39. gxh4 Kf5 40. b5 Ke5 41. b6 Kd6 42. b7 Kc7 43. Bd5 Kb8 44. Ra4
Kc7 45. Rb4 Kb8 46. h5 Ka7 47. b8=Q+ Ka6 48. Qb6# { Black checkmated } 1-0

[Event "ICC tourney 2356 (30 5)"]
[Site "Internet Chess Club"]
[Date "2021.01.30"]
[Round "5"]
[White "kaiw49"]
[Black "SAanjyu"]
[Result "0-1"]
[ICCResult "White checkmated"]
[WhiteElo "850"]
[BlackElo "1125"]
[Opening "Sicilian"]
[ECO "B50"]
[NIC "SI.01"]
[Time "18:00:57"]
[PlyCount "78"]
[TimeControl "1800+5"]

1. e4 c5 2. Nf3 d6 3. Nc3 a6 4. Bc4 b5 5. Bd5 Ra7 6. d3 e6 7. Bb3 Nf6 8.
Bg5 Be7 9. O-O O-O 10. Re1 Nc6 11. e5 dxe5 12. Nxe5 Bb7 13. Nxc6 Bxc6 14.
Re3 Qc7 15. Rg3 Rd8 16. Bh6 Bf8 17. Ne4 Nxe4 18. Rg4 c4 19. Qe2 Nf6 20. Rg3
cxb3 21. Bg5 Qe7 22. Qe5 Kh8 23. Rh3 Rd5 24. Qg3 h6 25. Bxf6 Qxf6 26. cxb3
Qxb2 27. Rf1 Bd6 28. Qe3 Rc7 29. Re1 Re5 30. Qc1 Rxe1+ 31. Qxe1 Bd5 32. Re3
Rc1 33. Re2 Rxe1+ 34. Rxe1 Bc5 35. Rf1 Qf6 36. a4 Qg6 37. g3 Qh5 38. h4 Qf3
39. Kh2 Qg2# { White checkmated } 0-1

[Event "ICC tourney 2356 (30 5)"]
[Site "Internet Chess Club"]
[Date "2021.01.30"]
[Round "5"]
[White "NTH2011"]
[Black "cupicol600"]
[Result "0-1"]
[ICCResult "White checkmated"]
[WhiteElo "1118"]
[BlackElo "826"]
[Opening "Giuoco Pianissimo: Italian four knights variation"]
[ECO "C55"]
[NIC "IG.01"]
[Time "18:01:24"]
[PlyCount "130"]
[TimeControl "1800+5"]

1. e4 e5 2. Nf3 Nc6 3. Bc4 Nf6 4. d3 Bc5 5. Nc3 d6 6. h3 h6 7. O-O O-O 8.
Be3 Bb4 9. Nd5 Be6 10. a3 Ba5 11. b4 Bb6 12. Nxb6 axb6 13. Nd2 Qd7 14. Bb5
Ra7 15. a4 Qe7 16. Bxc6 bxc6 17. a5 Rb7 18. Nc4 Bxc4 19. dxc4 Nxe4 20. a6
Ra7 21. Qf3 f5 22. Qe2 f4 23. Bd2 Nxd2 24. Qxd2 Rfa8 25. b5 cxb5 26. cxb5
Qd7 27. Rab1 g5 28. Qd5+ Kg7 29. Rfe1 Kf6 30. Ra1 Qe6 31. Qc6 Qe8 32. Qc3
Qxb5 33. Reb1 Qc5 34. Qd3 Kg7 35. Rb3 Qd4 36. Qf1 Qc5 37. Qe2 Qc6 38. Rba3
b5 39. c4 Qxc4 40. Qxc4 bxc4 41. Kf1 Kf6 42. Ke2 Ke6 43. Kd2 Kd5 44. Ra5+
Kd4 45. f3 c5 46. Ke1 Kd5 47. R5a2 Kc6 48. Kd2 Kb6 49. Rb1+ Kc6 50. Rba1 d5
51. Ra3 d4 52. R3a2 Kd5 53. Ra5 Kc6 54. R5a2 c3+ 55. Kc2 Kd5 56. Ra4 Rb8
57. R1a2 Rb6 58. Ra5 Kc4 59. Kc1 d3 60. R2a4+ Rb4 61. Ra3 d2+ 62. Kc2 Rb2+
63. Kd1 Rb1+ 64. Ke2 d1=Q+ 65. Kf2 Qe1# { White checkmated } 0-1

[Event "ICC tourney 2356 (30 5)"]
[Site "Internet Chess Club"]
[Date "2021.01.30"]
[Round "5"]
[White "adlerbe"]
[Black "YouWonByLuck"]
[Result "1/2-1/2"]
[ICCResult "Game drawn by mutual agreement"]
[WhiteElo "1028"]
[BlackElo "857"]
[Opening "Benoni: classical, 8.Bg5"]
[ECO "A71"]
[NIC "BI.19"]
[Time "18:01:06"]
[PlyCount "134"]
[TimeControl "1800+5"]

1. d4 Nf6 2. c4 c5 3. d5 e6 4. Nc3 exd5 5. cxd5 d6 6. e4 g6 7. Bg5 Bg7 8.
Nf3 a6 9. a4 h6 10. Bh4 g5 11. Bg3 Nh5 12. Bd3 Nxg3 13. fxg3 Nd7 14. O-O
O-O 15. Bc2 Rb8 16. Qd3 Ne5 17. Nxe5 Bxe5 18. Rf2 b5 19. axb5 axb5 20. Nxb5
c4 21. Qxc4 Qb6 22. Bd3 Bd7 23. Nc3 Bd4 24. Rf1 Bxf2+ 25. Rxf2 Rfc8 26. Qa2
Rb7 27. h3 Rcb8 28. Bf1 Qxf2+ 29. Kxf2 Rxb2+ 30. Qxb2 Rxb2+ 31. Be2 g4 32.
h4 Rc2 33. Nd1 Bb5 34. Kg1 Bxe2 35. Ne3 Rc8 36. Nf5 Ra8 37. Nxh6+ Kf8 38.
Nf5 Ra6 39. Kf2 Bd3 40. Ke3 Bb1 41. Kf4 Ke8 42. Nh6 Ra4 43. Nxg4 Rxe4+ 44.
Kf3 Rd4 45. h5 Rxd5 46. Nf6+ Ke7 47. Nxd5+ Ke6 48. Nf4+ Ke5 49. Ke3 d5 50.
Nxd5 Kxd5 51. Kf4 Ke6 52. g4 Kf6 53. g5+ Kg7 54. g4 Kh7 55. Ke5 Kg7 56. Kf4
Bc2 57. Ke5 Bb1 58. Kf4 Bc2 59. Kg3 Bb1 60. Kh4 Bc2 61. g6 fxg6 62. Kg5
gxh5 63. gxh5 Kh8 64. h6 Bb1 65. Kh5 Bc2 66. Kg5 Bb1 67. Kf6 Bc2 { Game
drawn by mutual agreement } 1/2-1/2

[Event "ICC tourney 2356 (30 5)"]
[Site "Internet Chess Club"]
[Date "2021.01.30"]
[Round "5"]
[White "minecraft008"]
[Black "Anushkaa"]
[Result "0-1"]
[ICCResult "White resigns"]
[WhiteElo "975"]
[BlackElo "1281"]
[Opening "King's Indian: Torre attack"]
[ECO "A48"]
[NIC "QP.01"]
[Time "18:00:57"]
[PlyCount "74"]
[TimeControl "1800+5"]

1. d4 Nf6 2. Nf3 g6 3. Bg5 Bg7 4. Nbd2 d6 5. e4 O-O 6. c3 c5 7. d5 e6 8. c4
exd5 9. exd5 Re8+ 10. Be2 Na6 11. a3 Bf5 12. O-O Qc8 13. Re1 Ne4 14. Nxe4
Bxe4 15. Qd2 Nb8 16. Bh6 Nd7 17. Bxg7 Kxg7 18. Ng5 Bf5 19. Bd3 Bxd3 20.
Qxd3 Qd8 21. Rxe8 Qxe8 22. Qc3+ Kg8 23. Re1 Qd8 24. Qe3 Ne5 25. f4 Nxc4 26.
Qe7 Qxe7 27. Rxe7 Rb8 28. Nxf7 Nxb2 29. Nxd6 Nd3 30. Nxb7 Nxf4 31. Nxc5
Nxd5 32. Rxa7 Rb1+ 33. Kf2 Rb2+ 34. Kf3 Ra2 35. a4 Ra3+ 36. Ke4 Nc3+ 37.
Kd4 Nb5+ { White resigns } 0-1

[Event "ICC tourney 2356 (30 5)"]
[Site "Internet Chess Club"]
[Date "2021.01.30"]
[Round "5"]
[White "SAJacob"]
[Black "SABHHMischler"]
[Result "0-1"]
[ICCResult "White checkmated"]
[WhiteElo "1164"]
[BlackElo "657"]
[Opening "English opening"]
[ECO "A20"]
[NIC "EO.24"]
[Time "18:01:04"]
[PlyCount "286"]
[TimeControl "1800+5"]

1. c4 e5 2. g3 Nf6 3. Bg2 d5 4. b3 Be6 5. Nc3 c6 6. Bb2 Bc5 7. Nf3 Nbd7 8.
O-O O-O 9. a3 dxc4 10. b4 Bb6 11. Na4 Bc7 12. Nc5 Nxc5 13. bxc5 Re8 14.
Bxe5 Bxe5 15. Nxe5 Bf5 16. Nxc6 Qc7 17. Qa4 Re6 18. Nxa7 Qxc5 19. Bxb7 Rxa7
20. d4 Qxd4 21. Rfd1 Qc5 22. Rd8+ Re8 23. Rxe8+ Nxe8 24. Qxe8+ Qf8 25.
Qxf8+ Kxf8 26. Bd5 c3 27. e4 Bg6 28. Bb3 Bxe4 29. a4 Rc7 30. a5 c2 31. Rc1
Rd7 32. Bxc2 Bxc2 33. Rxc2 Rd1+ 34. Kg2 Rd8 35. a6 Ra8 36. Ra2 Ke7 37. Kf3
Kd7 38. Kf4 Kc7 39. Rc2+ Kb6 40. Rb2+ Kc7 41. Rb7+ Kc6 42. Rxf7 Rxa6 43.
Rxg7 Ra4+ 44. Kf3 Ra3+ 45. Kg2 h5 46. Rg6+ Kd5 47. Rg5+ Ke4 48. Rxh5 Kd3
49. Rd5+ Ke2 50. Re5+ Kd2 51. Re3 Ra1 52. h4 Ra5 53. f3 Kxe3 54. f4 Ra2+
55. Kh3 Kf3 56. h5 Rg2 57. h6 Rxg3+ 58. Kh4 Rg4+ 59. Kh5 Kg3 60. h7 Rh4+
61. Kg6 Rg4+ 62. Kf5 Rxf4+ 63. Kg6 Rg4+ 64. Kh6 Rh4+ 65. Kg6 Rg4+ 66. Kh6
Rh4+ 67. Kg6 Rg4+ 68. Kh6 Rh4+ 69. Kg6 Rg4+ 70. Kh6 Rh4+ 71. Kg6 Rg4+ 72.
Kh6 Rh4+ 73. Kg6 Rg4+ 74. Kh6 Rh4+ 75. Kg6 Rg4+ 76. Kh6 Rh4+ 77. Kg6 Rg4+
78. Kh6 Rh4+ 79. Kg6 Rg4+ 80. Kh6 Rh4+ 81. Kg6 Rg4+ 82. Kh6 Rh4+ 83. Kg6
Rg4+ 84. Kh6 Rh4+ 85. Kg6 Rg4+ 86. Kh6 Rh4+ 87. Kg6 Rg4+ 88. Kh6 Rh4+ 89.
Kg6 Rg4+ 90. Kh6 Rh4+ 91. Kg6 Rg4+ 92. Kf7 Rf4+ 93. Kg8 Rg4+ 94. Kh8 Rh4
95. Kg8 Rg4+ 96. Kh8 Rh4 97. Kg8 Rg4+ 98. Kh8 Rh4 99. Kg8 Rg4+ 100. Kh8 Rh4
101. Kg8 Rg4+ 102. Kh8 Rh4 103. Kg8 Rg4+ 104. Kh8 Rh4 105. Kg8 Rg4+ 106.
Kh8 Rh4 107. Kg8 Rg4+ 108. Kh8 Rh4 109. Kg8 Rg4+ 110. Kh8 Rh4 111. Kg8 Rg4+
112. Kh8 Rh4 113. Kg8 Rg4+ 114. Kh8 Rh4 115. Kg8 Rg4+ 116. Kh8 Rh4 117. Kg8
Rg4+ 118. Kf7 Rf4+ 119. Kg6 Rg4+ 120. Kh5 Rh4+ 121. Kg6 Rg4+ 122. Kf6 Rf4+
123. Ke6 Rf8 124. Ke7 Rh8 125. Kf6 Rxh7 126. Kf5 Rh5+ 127. Kg6 Kg4 128. Kf6
Rf5+ 129. Ke6 Kf4 130. Kd6 Ke4 131. Kc6 Kd4 132. Kd6 Re5 133. Kc6 Rd5 134.
Kb6 Rc5 135. Kb7 Kd5 136. Kb6 Kd6 137. Ka6 Kc6 138. Ka7 Kc7 139. Ka6 Kc6
140. Ka7 Rb5 141. Ka6 Rb8 142. Ka7 Rb1 143. Ka6 Ra1# { White checkmated }
0-1